 Dungeon Sprint DCSS version 0.30.1-4-g462c640d31 (webtiles) character file.

Game seed: 12206313655952013106

1673 Heoruswealwe the Nimble (level 8, 0/37 HPs)
             Began as a Spriggan Artificer on Aug 24, 2023.
             Was a Follower of Sif Muna.
             Shot with an arrow by a centaur warrior (18 damage)
             ... in the Dungeon (Sprint I: "Red Sonja").
             The game lasted 00:09:57 (577 turns).

Heoruswealwe the Nimble (Spriggan Artificer)         Turns: 577, Time: 00:09:57

Health: 0/37       AC:  6    Str:  8    XL:     8   Next: 70%
Magic:  23/23      EV: 40    Int: 17    God:    Sif Muna [*.....]
Gold:   438        SH:  0    Dex: 16    Spells: 27/27 levels left

rFire   . . .        a - +0 dagger (venom)
rCold   . . .        (no shield)
rNeg    . . .        c - +1 robe "Naria" {Int+3 SInv}
rPois   .            (helmet restricted)
rElec   .            h - +2 cloak {rCorr}
rCorr   +            (gloves unavailable)
SInv    +            (boots unavailable)
Will    +....        i - amulet of the acrobat
Stlth   ++++         (no ring)
HPRegen 0.26/turn    (no ring)
MPRegen 0.18/turn

%: no teleportation, acrobat
@: acrobatic, hasted, very quick
A: very small, no large weapons, unfitting armour, see invisible, speed 3
a: Renounce Religion, Channel Magic


You were in the Dungeon.
You worshipped Sif Muna.
Sif Muna was aware of your devotion.
You visited 1 branch You collected 848 gold pieces.
You spent 410 gold pieces at shops.

Inventory:

Hand Weapons
 a - a +0 dagger of venom (weapon)
Armour
 c - the +1 robe "Naria" (worn) {Int+3 SInv}
   (You bought it in a shop in the Dungeon)

   Int:       It affects your intelligence (+3).
   SInv:      It lets you see invisible.
 h - a +2 cloak of preservation (worn)
Jewellery
 i - an amulet of the acrobat (around neck)
Wands
 d - a wand of charming (15)
Scrolls
 k - a scroll of blinking
 n - a scroll of amnesia {unknown}
 o - a scroll of fear {unknown}
Potions
 e - a potion of attraction {unknown}
 f - 5 potions of curing
 j - a potion of berserk rage
 l - 2 potions of magic
 m - a potion of degeneration {unknown}


   Skills:
 - Level 0.7 Fighting
 * Level 11.9 Dodging
 + Level 9.8 Stealth
 * Level 10.4 Spellcasting
 + Level 7.3 Hexes
 + Level 8.8 Translocations
 * Level 11.4 Transmutations
 + Level 9.1 Evocations


You had 27 spell levels left.
You didn't know any spells.
Your spell library was empty.

Dungeon Overview and Level Annotations

Branches:
Dungeon (1/1)

Altars:
Cheibriados
Dithmenos
Elyvilon
Fedhas
Gozag
Hepliaklqana
Kikubaaqudgha
Makhleb
Nemelex Xobeh
Okawaru
Qazlal
Ru
Sif Muna
Trog
Uskayaw
Vehumet
Wu Jian
Xom
Yredelemnul
Zin
The Shining One
Jiyva
Lugonu

Shops:
D [[[


Innate Abilities, Weirdness & Mutations

You are very small and have problems with some larger weapons.
You are too small for most types of armour.
You have supernaturally acute eyesight. (SInv)
You cover ground extremely quickly. (Speed+++)


Message History

You open the door.
A centaur warrior comes into view.
The centaur warrior shouts!
The centaur warrior wields a +0 shortbow.
The centaur warrior shoots an arrow.
The arrow hits you!!
Ouch! That really hurt!
Found a scroll labelled ITEULA ZAEMA.
You see here 4 stones.
You feel much better.
You feel yourself speed up.
The centaur warrior unwields a +0 shortbow.
The centaur warrior completely misses you. x2
A centaur warrior comes into view.
You hit the centaur warrior.
The centaur warrior is poisoned.
The centaur warrior is lightly wounded.
The centaur warrior closely misses you. The centaur warrior barely misses you.
The centaur warrior moves out of view.
You hit the centaur warrior but do no damage.
The centaur warrior looks even sicker.
The centaur warrior is lightly wounded.
The centaur warrior hits you. The centaur warrior kicks you.
You barely miss the centaur warrior.
The centaur warrior is lightly wounded.
The centaur warrior closely misses you.
The centaur warrior kicks you but does no damage.
You closely miss the centaur warrior.
The centaur warrior is lightly wounded.
The centaur warrior barely misses you. x2
You completely miss the centaur warrior.
The centaur warrior is lightly wounded.
The centaur warrior hits you.
The centaur warrior completely misses you.
You barely miss the centaur warrior.
The centaur warrior is lightly wounded.
The centaur warrior wields a +0 shortbow.
The centaur warrior shoots an arrow.
The arrow completely misses you.
The centaur warrior shoots an arrow.
The arrow hits you!
The centaur warrior wields a +0 shortbow.
The centaur warrior shoots an arrow.
The arrow hits you!!
You die...

#..').#.)'..#__#..+
)..#..'..#..'..'..#
#####'#####'#__####
####..#...#.####§?#
#__####..##)#§~~§c
#_____##'#_.+§§~.
#_.∩[..'..._#§~§
#_..__##_.#'##c###
#_____###(#.#.c§@###
#########)####'###.##
.......'.[.'.....'(∩#
++++####...##########
###.### #.#'#.#
#.....# #.....#
#######


You could see 2 centaur warriors.

Vanquished Creatures
  Sonja (D)
  A deep troll (D)
  A slime creature (D)
  Sigmund (D)
  A yak (D)
  An ogre (D)
  A jelly (D)
  Ijyb (D)
  A ballistomycete spore (D)
9 creatures vanquished.

Vanquished Creatures (others)
  A ballistomycete spore (D)
1 creature vanquished.

Grand Total: 10 creatures vanquished

Notes
Turn   | Place    | Note
-------+----------+-------------------------------------------
     0 | D        | Heoruswealwe the Spriggan Artificer began the quest for the
                  | Orb.
     0 | D        | Reached XP level 1. HP: 9/9 MP: 2/2
     1 | D        | Noticed Ijyb
    11 | D        | Killed Ijyb
    12 | D        | Reached skill level 1 in Hexes
    12 | D        | Reached XP level 2. HP: 6/14 MP: 2/6
    56 | D        | Noticed an ogre
    66 | D        | Killed an ogre
    67 | D        | Reached skill level 5 in Transmutations
    67 | D        | Reached skill level 5 in Evocations
    67 | D        | Reached XP level 3. HP: 17/17 MP: 7/10
    67 | D        | Reached XP level 4. HP: 21/21 MP: 7/11
    77 | D        | Noticed Sigmund
   100 | D        | Killed Sigmund
   101 | D        | Reached skill level 5 in Translocations
   101 | D        | Reached XP level 5. HP: 25/25 MP: 12/15
   101 | D        | Reached XP level 6. HP: 29/29 MP: 12/16
   124 | D        | Found an ornate altar of the Wu Jian Council.
   124 | D        | Found a shimmering blue altar of Sif Muna.
   128 | D        | Found a radiant altar of Vehumet.
   155 | D        | Found Vaoniroj's Antique Armour Emporium.
   155 | D        | Found an ancient bone altar of Kikubaaqudgha.
   155 | D        | Found a hazy altar of Hepliaklqana.
   155 | D        | Found a stormy altar of Qazlal.
   155 | D        | Found a hide-covered altar of Uskayaw.
   155 | D        | Found a blossoming altar of Fedhas.
   155 | D        | Found a bloodstained altar of Trog.
   155 | D        | Found an iron altar of Okawaru.
   155 | D        | Found a basalt altar of Yredelemnul.
   155 | D        | Found a glowing golden altar of the Shining One.
   155 | D        | Found a snail-covered altar of Cheibriados.
   155 | D        | Found a sacrificial altar of Ru.
   155 | D        | Found a glowing silver altar of Zin.
   155 | D        | Found a shadowy altar of Dithmenos.
   155 | D        | Found a white marble altar of Elyvilon.
   155 | D        | Noticed a yak
   157 | D        | Found an opulent altar of Gozag.
   182 | D        | Killed a yak
   183 | D        | Reached skill level 5 in Hexes
   184 | D        | Found a sparkling altar of Nemelex Xobeh.
   192 | D        | Became a worshipper of Sif Muna the Loreminder
   201 | D        | Bought a fine robe for 165 gold pieces
   201 | D        | Identified the +1 robe "Naria" {Int+3 SInv} (You bought it
                  | in a shop in the Dungeon)
   226 | D        | Found a burning altar of Makhleb.
   226 | D        | Found a viscous altar of Jiyva.
   226 | D        | Found a shimmering altar of Xom.
   226 | D        | Found a corrupted altar of Lugonu.
   226 | D        | Noticed a slime creature
   243 | D        | Killed a slime creature
   244 | D        | Reached XP level 7. HP: 32/32 MP: 17/19
   304 | D        | Bought an embroidered cloak for 217 gold pieces
   315 | D        | Noticed Sonja
   332 | D        | Killed Sonja
   333 | D        | Reached skill level 10 in Transmutations
   333 | D        | Reached XP level 8. HP: 14/37 MP: 19/22
   469 | D        | Found Ladash's Antique Armour Boutique.
   477 | D        | Bought a robe for 14 gold pieces
   477 | D        | Bought a robe for 14 gold pieces
   500 | D        | Noticed a deep troll
   515 | D        | Killed a deep troll
   515 | D        | Reached * piety under Sif Muna
   516 | D        | Reached skill level 10 in Spellcasting
   524 | D        | Found Uffiz's Armour Emporium.
   565 | D        | Noticed a centaur warrior
   569 | D        | Noticed a centaur warrior
   577 | D        | Shot with an arrow by a centaur warrior

Illustrated notes

Levels and vault maps discovered:
D:        dungeon_sprint_1 [red_sonja_temple_1, red_sonja_temple_small_1]

Skill      XL: |  1  2  3  4  5  6  7  8 |
---------------+-------------------------+-----
Dodging        | 4 6 7 9 11 | 11.9
Stealth        | 3 4 6 7 9 |  9.8
Spellcasting   | 2 4 6 8 9 10 | 10.4
Hexes          | 1 3 4 5 6 7 |  7.3
Translocations | 2 3 5 6 8 |  8.8
Transmutations | 3 5 7 9 10 11 | 11.4
Evocations     | 5 6 7 8 9 |  9.1
Fighting       | |  0.7

Action                     |  1- 3 |  4- 6 |  7- 9 || total
---------------------------+-------+-------+-------++-------
  Melee: Club              |     7 |    41 |    14 ||    62
         Punch             |       |     1 |       ||     1
         Dagger            |       |       |     9 ||     9
  Evoke: Wand              |    12 |    13 |     4 ||    29
    Use: Potion            |       |       |     2 ||     2
   Stab: Paralysed         |     7 |    41 |    15 ||    63
         Sleeping          |       |       |     2 ||     2
 Armour: Robe              |       |       |     1 ||     1
  Dodge: Dodged            |     4 |     2 |    13 ||    19
